AoeStats
← IN.JOK

Hideout

503594765Analyzed
4v4 RM · 1mo ago on Sep 1, 2026· 38m 43s· 8 players
Game mode
Random Map
Map size
Large (8 player)
Population
200
Speed
Normal
Resources
Standard
Victory
Conquest
Starting age
Dark Age
Ending age
Imperial Age
RankedLock teamsTeams togetherTeam positionsShared explorationLock speedFull tech treeHidden civsTurbo modeCheats
Victory
Defeat
🇨🇳 Italians · China
1602
+8
🇨🇳 Cumans · China
1576
+9
🇨🇳 Franks · China
1474
+13
🇨🇳 Japanese · China
1211
+24
🇨🇳 Portuguese · China
1446
-15
🇦🇷 Khitans · Argentina
1434
-15
🇻🇳 Persians · Vietnam
1383
-12
🇻🇳 Ethiopians · Vietnam
1367
-12
Chim cu đi tắm
8:57 Feudal Age
9:37 Double-Bit Axe
11:15 Domestication
12:53 Forging
14:55 Scale Barding Armor
20:49 Castle Age
21:52 Chain Barding Armor
20:56 Light Cavalry
21:54 Bow Saw
21:45 Pastoralism
22:40 Husbandry
24:35 Iron Casting
24:53 Wheelbarrow
24:06 Loom
HuynhSon
1:06 Loom
9:29 Feudal Age
10:22 Double-Bit Axe
17:01 Padded Archer Armor
16:45 Horse Collar
16:56 Gold Mining
23:13 Castle Age
22:18 Fletching
23:16 Crossbowman
23:54 Bodkin Arrow
24:45 Thumb Ring
28:35 Leather Archer Armor
29:11 Bow Saw
37:36 Imperial Age
37:43 Arbalester
Monreson
6:59 Loom
9:47 Feudal Age
15:07 Castle Age
13:41 Double-Bit Axe
15:55 Fletching
16:39 Crossbowman
19:36 Bodkin Arrow
20:23 Padded Archer Armor
35:19 Bow Saw
38:06 Horse Collar
TanLN
9:52 Feudal Age
11:48 Loom
14:59 Castle Age
13:22 Double-Bit Axe
14:29 Horse Collar
15:03 Bloodlines
15:24 Scale Barding Armor
18:16 Wheelbarrow
22:28 Forging
26:35 Chain Barding Armor
26:29 Husbandry
29:00 Heavy Plow
32:00 Gold Mining
32:23 Bow Saw
33:45 Gold Shaft Mining
33:08 Stone Mining
35:02 Iron Casting
41:23 Imperial Age
蛋炒饭
7:01 Loom
9:35 Feudal Age
9:44 Man-at-Arms
13:28 Double-Bit Axe
21:55 Castle Age
20:04 Horse Collar
chunfeng
8:35 Feudal Age
9:04 Double-Bit Axe
13:35 Wheelbarrow
17:28 Gold Mining
20:27 Castle Age
21:21 Scale Barding Armor
21:26 Forging
22:30 Chain Barding Armor
24:47 Husbandry
25:27 Gold Shaft Mining
27:47 Iron Casting
27:13 Loom
40:42 Imperial Age
38:40 Bow Saw
IN.JOK
8:50 Feudal Age
9:21 Double-Bit Axe
9:56 Horse Collar
14:58 Wheelbarrow
19:45 Castle Age
17:57 Gold Mining
18:31 Scale Barding Armor
19:17 Forging
20:22 Bloodlines
20:55 Chain Barding Armor
21:00 Bow Saw
22:36 Iron Casting
22:34 Loom
23:54 Town Watch
24:38 Heavy Plow
25:45 Hand Cart
31:22 Imperial Age
32:39 Plate Barding Armor
31:27 Cavalier
35:01 Blast Furnace
37:47 Paladin
39:42 Conscription
mmr
9:10 Feudal Age
10:47 Double-Bit Axe
12:40 Horse Collar
17:36 Wheelbarrow
21:39 Castle Age
21:52 Gold Mining
22:33 Bow Saw
22:33 Thumb Ring
23:23 Fletching
22:59 Crossbowman
24:56 Bodkin Arrow
25:54 Ballistics
26:31 Padded Archer Armor
28:02 Heavy Plow
31:58 Hand Cart
35:27 Imperial Age
33:34 Leather Archer Armor
33:18 Stone Mining
36:53 Bracer
36:46 Arbalester
38:39 Two-Man Saw
37:57 Hand Cart
37:28 Loom
37:29 Town Watch
39:48 Chemistry
Connection lost

Rejoining the realm…

Still unreachable

The connection could not be restored.

Session expired

The server has moved on; the page needs a fresh start.